 Dungeon Crawl Stone Soup version 0.29.1-2-gbd0b4ee654 (webtiles) character file.

Game seed: 11740509051251729770

1246 leafyfresh the Sneak (level 8, 0/53 HPs)
             Began as an Octopode Earth Elementalist on Nov 12, 2022.
             Was an Initiate of Vehumet.
             Slain by Edmund
             ... wielding a +2 dire flail of protection
              (12 damage)
             ... on level 5 of the Dungeon.
             The game lasted 00:20:41 (8251 turns).

leafyfresh the Sneak (Octopode Earth Elementalist)  Turns: 8251, Time: 00:20:42

Health: 0/53       AC:  7    Str:  7    XL:     8   Next: 50%
Magic:  10/13      EV: 14    Int: 20    God:    Vehumet [......]
Gold:   330        SH:  0    Dex: 12    Spells: 10/14 levels left

rFire   . . .      SeeInvis .   c - +0 dagger (freeze)
rCold   . . .      Faith    .   (no shield)
rNeg    + . .      Spirit   .   (helmet restricted)
rPois   .          Reflect  .   t - amulet of regeneration
rElec   .          Harm     .   n - ring of flight
rCorr   .          Rampage  .   y - ring of wizardry
Will    +....                   w - ring of willpower
Stlth   ++++......              A - ring of positive energy
HPRegen 0.97/turn               F - +4 ring of slaying
MPRegen 0.13/turn               (no ring)
                                (no ring)
                                (no ring)

@: ice-armoured, flying
A: almost no armour, amphibious, 8 rings, camouflage 1, gelatinous body 1,
(nimble swimmer 1), tentacles, antennae 1
a: Renounce Religion


You were on level 5 of the Dungeon.
You worshipped Vehumet.
Vehumet was noncommittal.
You visited 1 branch of the dungeon, and saw 6 of its levels.

You collected 330 gold pieces.

Inventory:

Hand Weapons
 c - a +0 dagger of freezing (weapon)
Missiles
 m - 5 javelins (quivered)
 D - 3 poisoned darts
Armour
 g - the +0 leather armour of Absolutism {rF- rN+ Str+4 Dex+4}
   (You found it on level 5 of the Dungeon)

   Str:       It affects your strength (+4).
   Dex:       It affects your dexterity (+4).
   rF:        It makes you vulnerable to fire.
   rN:        It protects you from negative energy.
 s - a +1 helmet
 G - an orb of wrath
Jewellery
 n - a ring of flight (left tentacle)
 t - an amulet of regeneration (around mantle)
 w - a ring of willpower (on tentacle)
 y - a ring of wizardry (right tentacle)
 A - a ring of positive energy (on tentacle)
 F - a +4 ring of slaying (on tentacle)
Wands
 E - a wand of flame (14)
 I - a wand of acid (15)
Scrolls
 b - 3 scrolls of poison
 d - 2 scrolls of enchant weapon
 j - a scroll of amnesia {unknown}
 k - 4 scrolls of teleportation
 o - 4 scrolls of vulnerability
 p - 2 scrolls of noise
 u - a scroll of blinking
 B - a scroll of immolation {unknown}
 C - a scroll of fear {unknown}
 H - 3 scrolls of summoning {unknown}
Potions
 a - a potion of magic
 e - a potion of brilliance {unknown}
 f - 2 potions of invisibility {unknown}
 h - a potion of ambrosia {unknown}
 i - 2 potions of heal wounds {unknown}
 l - a potion of mutation
 q - a potion of flight {unknown}
 r - a potion of might {unknown}
 v - 3 potions of attraction {unknown}
 x - 2 potions of resistance
 z - a potion of degeneration {unknown}
 J - a potion of haste {unknown}


   Skills:
 - Level 3.6 Fighting
 - Level 5.2 Dodging
 - Level 7.5 Stealth
 + Level 3.8 Spellcasting
 - Level 1.0 Transmutations
 + Level 4.4 Ice Magic
 - Level 3.0 Earth Magic


You had 10 spell levels left.
You knew the following spells:

 Your Spells              Type           Power      Damage    Failure   Level
a - Sandblast             Erth           30%        2d9       1%          1
b - Ozocubu's Armour      Ice            21%        N/A       2%          3

Your spell library contained the following spells:

 Spells                   Type           Power      Damage    Failure   Level
 Passwall                 Tmut/Erth      9%         N/A       3%          2
 Necrotise                Necr           12%        1d4       5%          1
 Stone Arrow              Conj/Erth      18%        3d8       9%          3
 Portal Projectile        Hex/Tloc       6%         N/A       16%         3
 Tukima's Dance           Hex            3%         N/A       16%         3
 Vampiric Draining        Necr           3%         2d6       16%         3
 Petrify                  Tmut/Erth      11%        N/A       22%         4
 Blade Hands              Tmut           3%         N/A       65%         5
 Agony                    Necr           3%         N/A       78%         5
 Ozocubu's Refrigeration  Ice            10%        4d9       99%         7


Dungeon Overview and Level Annotations

Branches:
Dungeon (6/15)
 Temple: D:4-7

Altars:
Elyvilon
Kikubaaqudgha
Vehumet
Xom
Yredelemnul

Annotations:
D:5 Edmund
D:6 2 runed translucent doors


Innate Abilities, Weirdness & Mutations

You cannot wear most types of armour.
You are amphibious.
You can wear up to eight rings at the same time.
Your skin changes colour to match your surroundings (Stealth+).
Your rubbery body absorbs attacks. (AC +1, EV +1)
((You are camouflaged when in or above water. (Stealth+)))
You have tentacles for arms and can constrict up to eight enemies at once.
You have a pair of small antennae on your head.


Message History

You constrict Edmund, but do no damage. Edmund barely misses you.
You hit Edmund but do no damage. You squeeze Edmund!
Edmund is heavily wounded.
You constrict Edmund, but do no damage. Edmund misses you.
You hit Edmund but do no damage.
Edmund is heavily wounded.
You constrict Edmund, but do no damage.
Edmund hits you with a +2 dire flail of protection.
You hit Edmund but do no damage. You squeeze Edmund.
Edmund is heavily wounded.
You constrict Edmund. Edmund misses you.
You hit Edmund but do no damage.
Edmund is heavily wounded.
You constrict Edmund.
Edmund hits you with a +2 dire flail of protection!
You hit Edmund but do no damage.
Edmund is heavily wounded.
You constrict Edmund, but do no damage. Edmund barely misses you.
You hit Edmund but do no damage.
Edmund is heavily wounded.
You constrict Edmund. Edmund misses you.
You hit Edmund but do no damage.
Edmund is severely wounded.
You constrict Edmund, but do no damage. Edmund closely misses you.
You hit Edmund. You freeze Edmund. You squeeze Edmund, but do no damage.
Edmund is severely wounded.
You constrict Edmund.
Edmund hits you with a +2 dire flail of protection!
Casting: Ozocubu's Armour (dangerous; 2% risk of failure)
Confirm with . or Enter, or press ? or * to list all spells.
Aiming: Sandblast (safe; 1% risk of failure)
Press: ? - help, Shift-Dir - straight line, f - Edmund
Aim: Edmund, wielding a +2 dire flail of protection and wearing a +0 scale mail (almost dead, constricted by you, 100% to hit)
The blast of sand hits Edmund but does no damage.
Edmund is almost dead.
You constrict Edmund.
Edmund hits you with a +2 dire flail of protection!
* * * LOW HITPOINT WARNING * * *
Edmund hits you with a +2 dire flail of protection!
You die...

.....................##......#.#
...####....####.).)............#
...# #....# #..#.#.#.........##
...# #....# #..).............##
...# #....# ##.#.#.#.........##
...# #.[..# #...............##
...# #....# #.#.#.#.........##
#..#############.........#+######
##..............@@###......# ####
#................# #...######...
#................####..#......##
##############.........#.#######
#.[..# #...#####.#....#... #....#
#...# #.####.#### #....# #...#
###..##...... #....# #...#
#....###.#### #....# #...# #.#..#
#...[.


You could see Edmund.

Vanquished Creatures
  Eustachio (D:4)
  A water moccasin (D:6)
  An ice beast (D:6)
  An ogre (D:5)
  2 phantoms
  A necrophage (D:6)
  A bullfrog (D:5)
  A scorpion (D:5)
  A centaur zombie (D:5)
  A bullfrog zombie (D:5)
  A jelly (D:6)
  An orc priest (D:6)
  4 hounds
  3 iguanas
  An orc wizard (D:6)
  6 adders
  An ufetubus (D:6)
  A worm (D:5)
  3 orcs (D:6)
  11 ball pythons
  7 bats
  8 endoplasms
  4 giant cockroaches
  6 hobgoblins
  7 jackals
  6 kobolds
  A quokka (D:1)
  3 frilled lizards
  3 goblins
  5 rats
93 creatures vanquished.

Notes
Turn   | Place    | Note
-------+----------+-------------------------------------------
     0 | D:1      | leafyfresh the Octopode Earth Elementalist began the quest
                  | for the Orb.
     0 | D:1      | Reached XP level 1. HP: 11/11 MP: 3/3
    13 | D:1      | Reached skill level 3 in Stealth
   211 | D:1      | Reached XP level 2. HP: 17/17 MP: 5/5
   778 | D:1      | Reached XP level 3. HP: 21/21 MP: 6/6
   798 | D:1      | Reached skill level 4 in Stealth
  1230 | D:2      | Noticed an ogre
  1873 | D:2      | Reached XP level 4. HP: 27/27 MP: 7/7
  2126 | D:2      | Found a faded altar of an unknown god.
  2639 | D:3      | Reached skill level 5 in Stealth
  2930 | D:3      | Found a white marble altar of Elyvilon.
  2939 | D:3      | Became a worshipper of Elyvilon the Healer
  2946 | D:3      | Learned a level 3 spell: Ozocubu's Armour
  3071 | D:4      | Noticed Eustachio
  3300 | D:4      | Found an ancient bone altar of Kikubaaqudgha.
  3785 | D:4      | Reached skill level 1 in Ice Magic
  4018 | D:4      | Reached * piety under Elyvilon
  4455 | D:4      | Reached XP level 5. HP: 31/31 MP: 8/8
  4690 | D:4      | HP: 1/31 [iguana (12)]
  4809 | D:5      | Entered Level 5 of the Dungeon
  4883 | D:5      | Noticed a phantom
  5216 | D:5      | Reached skill level 1 in Fighting
  5281 | D:5      | Reached XP level 6. HP: 38/38 MP: 6/9
  5378 | D:5      | Reached skill level 6 in Stealth
  5531 | D:5      | Reached XP level 7. HP: 45/45 MP: 2/10
  5626 | D:5      | Noticed Edmund
  5945 | D:4      | Gained mutation: You occasionally shout uncontrollably at
                  | your foes. [potion of mutation]
  5945 | D:4      | Gained mutation: Your mind is acute. (Int +4, Str/Dex -1)
                  | [potion of mutation]
  5946 | D:4      | Lost mutation: Your mind is acute. (Int +4, Str/Dex -1)
                  | [potion of mutation]
  5946 | D:4      | Lost mutation: You occasionally shout uncontrollably at
                  | your foes. [potion of mutation]
  5946 | D:4      | Gained mutation: You have a pair of small antennae on your
                  | head. [potion of mutation]
  5946 | D:4      | Gained mutation: Your flesh is heat resistant. (rF+)
                  | [potion of mutation]
  5946 | D:4      | Gained mutation: You are partially covered in iridescent
                  | scales. (AC +2) [potion of mutation]
  5964 | D:4      | Killed Eustachio
  5965 | D:4      | Reached skill level 7 in Stealth
  6083 | D:5      | Reached skill level 5 in Dodging
  6084 | D:5      | Identified the +0 leather armour of Absolutism {rF- rN+
                  | Str+4 Dex+4}
  6093 | D:5      | Lost mutation: You have a pair of small antennae on your
                  | head. [potion of mutation]
  6093 | D:5      | Lost mutation: Your flesh is heat resistant. (rF+) [potion
                  | of mutation]
  6093 | D:5      | Lost mutation: You are partially covered in iridescent
                  | scales. (AC +2) [potion of mutation]
  6093 | D:5      | Gained mutation: You have a pair of small antennae on your
                  | head. [potion of mutation]
  6093 | D:5      | Gained mutation: You occasionally lose the ability to read
                  | scrolls when taking damage. [potion of mutation]
  6093 | D:5      | Lost mutation: You occasionally lose the ability to read
                  | scrolls when taking damage. [potion of mutation]
  6168 | D:5      | Found a basalt altar of Yredelemnul.
  6600 | D:6      | Reached XP level 8. HP: 42/53 MP: 3/11
  6756 | D:6      | Reached ** piety under Elyvilon
  6860 | D:6      | Found a large runed translucent door.
  6861 | D:6      | Found a large runed translucent door.
  6931 | D:6      | Found a radiant altar of Vehumet.
  7079 | D:6      | Fell from the grace of Elyvilon
  7079 | D:6      | Became a worshipper of Vehumet
  7647 | D:6      | Found a shimmering altar of Xom.
  7649 | D:6      | Found a shimmering altar of Xom.
  7650 | D:6      | Found a shimmering altar of Xom.
  7651 | D:6      | Found a shimmering altar of Xom.
  7651 | D:6      | Found a shimmering altar of Xom.
  7692 | D:6      | Noticed a komodo dragon
  8251 | D:5      | Slain by Edmund

Illustrated notes

Levels and vault maps discovered:
D:1:      dpeg_arrival_orchard, layout_rooms, minmay_misc_feat_rows
D:2:      layout_rooms, chequers_ecumenical_altar_lobes, feat_on_display
D:3:      layout_loops_ring, mainiacjoe_overflow_surrounded_room, nrook_campfire
D:4:      layout_layer_cave, mainiacjoe_overflow_small_starburst, uniq_eustachio
D:5:      layout_basic, lemuel_zombie_altar_yredelemnul,
          serial_co_window_serial, co_window_cross_1, co_window_paths_b,
          co_window_of_opportunity_a, co_window_of_opportunity_a,
          co_window_paths_a, co_window_paths_b, co_window_unsneaky_path_e,
          co_window_paths_c, co_window_unsneaky_path_e, co_window_2corner,
          co_window_of_opportunity_b, co_window_of_opportunity_b,
          glass_columns_b, glass_columns_b, uniq_edmund
D:6:      layout_layer_cave, xom_redecorated, mainiacjoe_overflow_tiny_flanked,
          jmf_multi_god_temple2

Skill      XL: |  1  2  3  4  5  6  7  8 |
---------------+-------------------------+-----
Stealth        | 3 4 5 6 7 |  7.5
Dodging        | 3 4 5 |  5.2
Ice Magic      | 2 4 |  4.4
Fighting       | 1 2 3 |  3.6
Spellcasting   | 3 |  3.8
Transmutations | |  1.0
Earth Magic    | |  3.0

Action                   |  1- 3 |  4- 6 |  7- 9 || total
-------------------------+-------+-------+-------++-------
Melee: Dagger            |    41 |    98 |    77 ||   216
       Constrict         |     8 |    15 |     7 ||    30
       Tentacles         |     7 |    17 |    23 ||    47
       Unarmed           |     1 |       |       ||     1
Throw: Dart              |       |     6 |       ||     6
       Javelin           |       |     1 |     3 ||     4
 Cast: Sandblast         |    22 |    32 |    46 ||   100
       Ozocubu's Armour  |       |     9 |    12 ||    21
  Use: Scroll            |     1 |     2 |     9 ||    12
       Potion            |       |     2 |     3 ||     5
 Stab: Sleeping          |    10 |     7 |     2 ||    19
Armor: Skin              |     7 |    51 |    34 ||    92
Dodge: Dodged            |    42 |    82 |    61 ||   185
